 Dungeon Crawl Stone Soup version 0.27.1 (webtiles) character file.

Game seed: 2654169256654118722

16 Renzlar the Shield-Bearer (level 2, -1/29 HPs)
             Began as a Gnoll Fighter on Sept 4, 2021.
             Slain by Sigmund (12 damage)
             ... on level 2 of the Dungeon.
             The game lasted 00:02:21 (1265 turns).

Renzlar the Shield-Bearer (Gnoll Fighter)           Turns: 1265, Time: 00:02:21

Health: -1/29      AC:  7    Str: 15    XL:     2   Next: 54%
Magic:  2/2        EV:  7    Int:  7    God:
Gold:   17         SH: 10    Dex: 11    Spells: 1/1 levels left

rFire    . . .     SeeInvis .   a - +0 war axe
rCold    . . .     Faith    .   f - +0 kite shield
rNeg     . . .     Spirit   .   b - +0 scale mail
rPois    .         Reflect  .   (no helmet)
rElec    .         Harm     .   (no cloak)
rCorr    .         Rampage  .   (no gloves)
Will     .....                  (no boots)
Stlth    ..........             (no amulet)
HPRegen  0.09/turn              (no ring)
MPRegen  0.08/turn              (no ring)

@: mighty
A: fangs 1, strong nose, distributed training
a: no special abilities


You were on level 2 of the Dungeon.
You visited 1 branch of the dungeon, and saw 2 of its levels.

You collected 17 gold pieces.

Inventory:

Hand Weapons
 a - a +0 war axe (weapon)
 c - a +4 hunting sling of flaming
Missiles
 e - 32 stones (quivered)
Armour
 b - a +0 scale mail (worn)
 f - a +0 kite shield (worn)
Scrolls
 g - a scroll of teleportation {unknown}


   Skills:
 + Level 6.5 Fighting
 + Level 0.4 Short Blades
 + Level 0.4 Long Blades
 + Level 4.5 Axes
 + Level 0.4 Maces & Flails
 + Level 0.4 Polearms
 + Level 0.4 Staves
 + Level 0.4 Slings
 + Level 0.4 Bows
 + Level 0.4 Crossbows
 + Level 0.4 Throwing
 + Level 6.5 Armour
 + Level 0.4 Dodging
 + Level 0.4 Stealth
 + Level 6.5 Shields
 + Level 0.4 Unarmed Combat
 + Level 0.4 Spellcasting
 + Level 0.2 Conjurations
 + Level 0.2 Hexes
 + Level 0.2 Summonings
 + Level 0.2 Necromancy
 + Level 0.2 Translocations
 + Level 0.2 Transmutations
 + Level 0.2 Fire Magic
 + Level 0.2 Ice Magic
 + Level 0.2 Air Magic
 + Level 0.2 Earth Magic
 + Level 0.2 Poison Magic
 + Level 0.5 Invocations
 + Level 0.4 Evocations


You had one spell level left.
You didn't know any spells.
Your spell library was empty.

Dungeon Overview and Level Annotations

Branches:
Dungeon (2/15)

Altars:

Annotations:
D:2 Sigmund


Innate Abilities, Weirdness & Mutations

You have very sharp teeth.
Your uncanny sense of smell can sniff out nearby items.
Your experience applies equally to all skills.


Message History

Unknown command.
You slash the goblin!
You kill the goblin!
You start resting.
HP restored.
You climb downwards.
Level annotation: Sigmund
There is a stone staircase leading up here.
You feel very mighty all of a sudden. Sigmund barely misses you.
You barely miss Sigmund. Sigmund hits you with a +0 scythe.
You closely miss Sigmund.
Sigmund points at you and mumbles some strange words.
You are confused.
You're too confused to move!
Sigmund hits you with a +0 scythe.
You completely miss Sigmund. You bite Sigmund.
Sigmund is lightly wounded.
Sigmund misses you.
You bump into the rock wall.
Sigmund hits you with a +0 scythe!
You bump into the rock wall.
You barely miss Sigmund.
Sigmund is lightly wounded.
You feel less confused. You block Sigmund's attack.
You closely miss Sigmund.
Sigmund is lightly wounded.
Sigmund mumbles some strange words.
Sigmund flickers and vanishes!
Deactivating autopickup; reactivate with Ctrl-A.
You block something's attack.
You closely miss something.
You hear some strange, mumbled words.
A magic dart appears from out of thin air!
The magic dart hits you but does no damage.
You hit something. You bite something!
You hear some strange, mumbled words.
Something tries to affect you, but you resist.
You barely miss something. Your bite misses something. Something hits you.
You closely miss something. Something hits you!
You die...

.. #. .. # #. #.#
#.###.#####.###
.#.............
..........##.###.
.................
..
.#.....##.##.###..#
#...(. #.{@......#
....... #.##.##...#
....#.. #.#<......#
...(#..
#.##.#..)... ...
... ............ (.
... #.##.#......
#.##.##...## ......
..># ... .##


There were no monsters in sight!

Vanquished Creatures
  A bat (D:1)
  3 giant cockroaches (D:1)
  2 goblins (D:1)
  A hobgoblin (D:1)
  2 quokkas (D:1)
  2 ball pythons (D:1)
  2 kobolds (D:1)
  2 rats
15 creatures vanquished.

Notes
Turn   | Place    | Note
-------+----------+-------------------------------------------
     0 | D:1      | Renzlar the Gnoll Fighter began the quest for the Orb.
     0 | D:1      | Reached XP level 1. HP: 23/23 MP: 1/1
   229 | D:1      | Identified a scroll of acquirement
   229 | D:1      | Acquired a +4 hunting sling of flaming
   291 | D:1      | Reached XP level 2. HP: 29/29 MP: 2/2
   947 | D:2      | Noticed Sigmund
  1265 | D:2      | Slain by Sigmund

Illustrated notes

Levels and vault maps discovered:
D:1:      elethiomel_arrival_infinity_welcomes_careful_drivers, layout_basic
D:2:      layout_basic, shapermc_ecumenical_altar_mp_vishouse, feat_on_display,
          uniq_jessica, uniq_sigmund

Action                   || total
-------------------------++-------
Melee: War axe           ||    40
       Bite              ||     5
 Fire: Hunting sling     ||    12
  Use: Scroll            ||     1
       Potion            ||     1
Armor: Scale mail        ||    16
Dodge: Dodged            ||    16
Block: Kite shield       ||    29
